 Dungeon Crawl Stone Soup version 0.29.1-15-g9cfb28693d (webtiles) character file.

Game seed: 18208073811785470621

254 jtron the Magician (level 6, -6/50 HPs)
             Began as a Gnoll Wanderer on Mar 21, 2023.
             Was an Initiate of Okawaru.
             Mangled by a water moccasin (7 damage)
             ... on level 4 of the Dungeon.
             The game lasted 00:04:08 (2106 turns).

jtron the Magician (Gnoll Wanderer)                 Turns: 2106, Time: 00:04:09

Health: -6/50      AC:  0    Str: 14    XL:     6   Next: 15%
Magic:  14/14      EV: 11    Int:  9    God:    Okawaru [......]
Gold:   105        SH:  0    Dex: 13    Spells: 14/15 levels left

rFire   . . .      SeeInvis .   a - +0 mace
rCold   . . .      Faith    .   (no shield)
rNeg    . . .      Spirit   .   d - +0 leather armour
rPois   .          Reflect  .   (no helmet)
rElec   .          Harm     .   (no cloak)
rCorr   .          Rampage  .   (no gloves)
Will    .....                   g - +0 pair of boots
Stlth   ++........              (no amulet)
HPRegen 0.16/turn               (no ring)
MPRegen 0.14/turn               (no ring)

@: mighty, lethally poisoned (-6 -> -15), corroded
A: fangs 1, strong nose, distributed training
a: Renounce Religion


You were on level 4 of the Dungeon.
You worshipped Okawaru.
Okawaru was noncommittal.
You visited 2 branches of the dungeon, and saw 4 of its levels.

You collected 105 gold pieces.

Inventory:

Hand Weapons
 a - a +0 mace (weapon)
 b - a +0 sling
Missiles
 k - 23 stones (quivered)
Armour
 d - a +0 leather armour (worn)
 g - a +0 pair of boots (worn)
Scrolls
 f - a scroll of magic mapping {unknown}
 j - a scroll of immolation {unknown}
 o - a scroll of enchant armour {unknown}
Potions
 c - 2 potions of lignification
 e - 2 potions of might
 h - a potion of resistance
 m - 2 potions of curing
 n - a potion of degeneration {unknown}


   Skills:
 + Level 4.9 Fighting
 + Level 1.9 Short Blades
 + Level 1.9 Long Blades
 + Level 1.9 Axes
 + Level 4.9 Maces & Flails
 + Level 1.9 Polearms
 + Level 1.9 Staves
 + Level 1.9 Ranged Weapons
 + Level 3.2 Throwing
 + Level 1.9 Armour
 + Level 1.9 Dodging
 + Level 4.5 Stealth
 + Level 1.9 Shields
 + Level 1.9 Unarmed Combat
 + Level 5.3 Spellcasting
 + Level 1.5 Conjurations
 + Level 1.5 Hexes
 + Level 1.5 Summonings
 + Level 1.5 Necromancy
 + Level 1.5 Translocations
 + Level 1.5 Transmutations
 + Level 1.5 Fire Magic
 + Level 1.5 Ice Magic
 + Level 1.5 Air Magic
 + Level 1.5 Earth Magic
 + Level 1.5 Poison Magic
 + Level 2.1 Invocations
 + Level 1.9 Evocations


You had 14 spell levels left.
You knew the following spells:

 Your Spells              Type           Power      Damage    Failure   Level
a - Slow                  Hex            20%        N/A       16%         1

Your spell library contained the following spells:

 Spells                   Type           Power      Damage    Failure   Level
 Confusing Touch          Hex            5%         N/A       43%         3
 Ignite Poison            Fire/Tmut/Pois 5%         N/A       43%         3
 Vampiric Draining        Necr           5%         2d6       43%         3


Dungeon Overview and Level Annotations

Branches:
Dungeon (4/15)             Temple (1/1) D:4

Altars:
Dithmenos
Fedhas
Gozag
Kikubaaqudgha
Makhleb
Okawaru
Trog
Vehumet
Wu Jian
Xom
Yredelemnul


Innate Abilities, Weirdness & Mutations

You have very sharp teeth.
Your uncanny sense of smell can sniff out nearby items.
Your experience applies equally to all skills.


Message History

Okawaru accepts your kill. The water moccasin barely misses you.
You barely miss the water moccasin. Your bite misses the water moccasin.
The water moccasin bites you. The water moccasin bites you!
You are poisoned.
The water moccasin poisons you!
You hit the water moccasin but do no damage.
You feel very sick. The water moccasin closely misses you.
You barely miss the water moccasin.
You feel very sick. The water moccasin bites you.
You are lethally poisoned!
The water moccasin poisons you! The water moccasin bites you.
* * * LOW HITPOINT WARNING * * *
You are more poisoned.
The water moccasin poisons you!
You feel much better.
You feel extremely sick. The water moccasin bites you.
You miss the water moccasin.
You feel very sick. The water moccasin barely misses you.
The water moccasin bites you!
You miss the water moccasin.
* * * LOW HITPOINT WARNING * * *
You feel very sick. The water moccasin bites you.
* * * LOW HITPOINT WARNING * * *
The water moccasin bites you.
* * * LOW HITPOINT WARNING * * *
You feel very mighty all of a sudden.
* * * LOW HITPOINT WARNING * * *
You feel very sick. The water moccasin bites you.
* * * LOW HITPOINT WARNING * * *
You closely miss the water moccasin.
* * * LOW HITPOINT WARNING * * *
You feel very sick. The water moccasin bites you!
You die...

### #.. ∆ #.# . #.#
. #.# ###########
#.# #.......... #S#
#.######### #@#
#.#... ∆ ##
#.######.#.#### #.
#.##^.........# #.
#......#.#..#.# #.
#......#.#..# # #.
#......#.#..# #.#.
#......#.#.##.#.#.
....................
##########.######.#.


You could see a water moccasin.

Vanquished Creatures
  Sigmund (D:2)
  A hound (D:4)
  A jelly (D:4)
  An adder (D:4)
  2 endoplasms (D:1)
  2 giant cockroaches (D:1)
  5 goblins
  4 hobgoblins
  7 kobolds
  2 quokkas (D:1)
  6 bats
  5 rats
37 creatures vanquished.

Notes
Turn   | Place    | Note
-------+----------+-------------------------------------------
     0 | D:1      | jtron the Gnoll Wanderer began the quest for the Orb.
     0 | D:1      | jtron set off with the following items: a +0 mace, a +0
                  | pair of boots, a potion of lignification, a +0 leather
                  | armour; and the following spell memorised: Slow; and the
                  | following spells available to memorise: Confusing Touch,
                  | Ignite Poison, Vampiric Draining.
     0 | D:1      | Reached XP level 1. HP: 20/20 MP: 6/6
   229 | D:1      | Reached XP level 2. HP: 26/26 MP: 7/7
  1333 | D:2      | Reached skill level 5 in Spellcasting
  1333 | D:2      | Reached XP level 3. HP: 31/31 MP: 7/9
  1390 | D:2      | Found an opulent altar of Gozag.
  1391 | D:2      | Noticed Sigmund
  1397 | D:2      | Killed Sigmund
  1398 | D:2      | Reached skill level 1 in Short Blades
  1398 | D:2      | Reached skill level 1 in Long Blades
  1398 | D:2      | Reached skill level 1 in Axes
  1398 | D:2      | Reached skill level 1 in Polearms
  1398 | D:2      | Reached skill level 1 in Staves
  1398 | D:2      | Reached skill level 1 in Ranged Weapons
  1398 | D:2      | Reached skill level 1 in Armour
  1398 | D:2      | Reached skill level 1 in Dodging
  1398 | D:2      | Reached skill level 1 in Shields
  1398 | D:2      | Reached skill level 1 in Unarmed Combat
  1398 | D:2      | Reached skill level 1 in Conjurations
  1398 | D:2      | Reached skill level 1 in Hexes
  1398 | D:2      | Reached skill level 1 in Summonings
  1398 | D:2      | Reached skill level 1 in Necromancy
  1398 | D:2      | Reached skill level 1 in Translocations
  1398 | D:2      | Reached skill level 1 in Transmutations
  1398 | D:2      | Reached skill level 1 in Fire Magic
  1398 | D:2      | Reached skill level 1 in Ice Magic
  1398 | D:2      | Reached skill level 1 in Air Magic
  1398 | D:2      | Reached skill level 1 in Earth Magic
  1398 | D:2      | Reached skill level 1 in Poison Magic
  1398 | D:2      | Reached skill level 1 in Invocations
  1398 | D:2      | Reached skill level 1 in Evocations
  1398 | D:2      | Reached XP level 4. HP: 38/38 MP: 11/11
  1398 | D:2      | Reached XP level 5. HP: 43/43 MP: 12/12
  1697 | D:2      | Found a faded altar of an unknown god.
  1734 | D:2      | You fall into a shaft and drop 2 floors!
  1735 | D:4      | Found a staircase to the Ecumenical Temple.
  1744 | Temple   | Entered the Ecumenical Temple
  1774 | Temple   | Became a worshipper of Warmaster Okawaru
  1965 | D:4      | Reached XP level 6. HP: 38/50 MP: 13/13
  2092 | D:4      | Noticed a water moccasin
  2106 | D:4      | HP: 1/50 [poisoned by a water moccasin]
  2106 | D:4      | Mangled by a water moccasin

Illustrated notes

Levels and vault maps discovered:
D:1:      dpeg_arrival_erosion, layout_loops_ring,
          amcnicky_mini_corridor_feature, minmay_misc_feat_more_columns,
          minmay_misc_feat_cross
D:2:      layout_rooms, basic_altar, serial_forest, infiniplex_forest_lined_2,
          infiniplex_forest_straight_5, infiniplex_forest_clump_large,
          infiniplex_forest_fountain, infiniplex_forest_corner_1,
          infiniplex_forest_clump_diagonal, infiniplex_forest_lined_room_2,
          infiniplex_forest_3_way, infiniplex_forest_clump_small,
          infiniplex_forest_clump_small,
          dreamdust_ecumenical_altar_angels_and_demons, moated_statue,
          uniq_sigmund
D:4:      layout_basic, dancing_weapons_uskayaw, minmay_temple_entry_slanted
Temple:   nicolae_temple_ecumenical_triangle

Skill      XL: |  1  2  3  4  5 |
---------------+----------------+-----
Spellcasting   | 5 |  5.3
Short Blades   | 1 |  1.9
Long Blades    | 1 |  1.9
Axes           | 1 |  1.9
Polearms       | 1 |  1.9
Staves         | 1 |  1.9
Ranged Weapons | 1 |  1.9
Throwing       | 3 |  3.2
Armour         | 1 |  1.9
Dodging        | 1 |  1.9
Shields        | 1 |  1.9
Unarmed Combat | 1 |  1.9
Conjurations   | 1 |  1.5
Hexes          | 1 |  1.5
Summonings     | 1 |  1.5
Necromancy     | 1 |  1.5
Translocations | 1 |  1.5
Transmutations | 1 |  1.5
Fire Magic     | 1 |  1.5
Ice Magic      | 1 |  1.5
Air Magic      | 1 |  1.5
Earth Magic    | 1 |  1.5
Poison Magic   | 1 |  1.5
Invocations    | 1 2 |  2.1
Evocations     | 1 |  1.9
Fighting       | |  4.9
Maces & Flails | |  4.9
Stealth        | |  4.5

Action                   |  1- 3 |  4- 6 || total
-------------------------+-------+-------++-------
Melee: Mace              |    73 |    53 ||   126
       Bite              |     5 |     1 ||     6
       Punch             |     1 |       ||     1
  Use: Potion            |     1 |     2 ||     3
       Scroll            |       |     3 ||     3
 Stab: Sleeping          |     7 |       ||     7
Armor: Leather armour    |    18 |    11 ||    29
Dodge: Dodged            |    48 |    28 ||    76
